 Dungeon Crawl Stone Soup version 0.30-a0-948-g4fa250aae5 (webtiles) character file.

Game seed: 3661466659517572337

527 jlumianski the Chopper (level 7, -3/54 HPs)
             Began as a Demonspawn Fighter on Mar 26, 2023.
             Slain by an orc
             ... wielding a +0 hand axe
              (5 damage)
             ... on level 4 of the Dungeon.
             The game lasted 00:11:18 (2561 turns).

jlumianski the Chopper (Demonspawn Fighter)         Turns: 2561, Time: 00:11:18

Health: -3/54      AC:  7    Str: 19    XL:     7   Next: 2%
Magic:  7/7        EV:  9    Int:  9    God:
Gold:   111        SH:  4    Dex: 12    Spells: 6/6 levels left

rFire   . . .      SeeInvis +    a - +1 war axe
rCold   . . .      Faith    .    c - +0 buckler
rNeg    . . .      Spirit   .    b - +0 scale mail
rPois   +          Reflect  .    (helmet unavailable)
rElec   .          Rampage  .    (no cloak)
rCorr   .                        (no gloves)
Will    .....                    (no boots) Stlth
                                 (no amulet)
HPRegen 0.29/turn                v - ring of poison resistance
MPRegen 0.10/turn                (no ring)

@: no status effects
A: antennae 3, hooves 1, powered by death 1
a: no special abilities


You were on level 4 of the Dungeon.
You visited 1 branch of the dungeon, and saw 5 of its levels.
You also visited: Ossuary.

You collected 111 gold pieces.

Inventory:

Hand Weapons
 a - a +1 war axe (weapon)
 f - a +0 whip of electrocution
Missiles
 p - 23 stones (quivered)
 t - 2 atropa-tipped darts
Armour
 b - a +0 scale mail (worn)
 c - a +0 buckler (worn)
 d - a +0 pair of boots
 w - a +0 plate armour
 y - the +4 robe of Augmentation {Str+4 Int+4 Dex+4}
   (You found it on level 3 of the Dungeon)

   Str:       It affects your strength (+4).
   Int:       It affects your intelligence (+4).
   Dex:       It affects your dexterity (+4).
Jewellery
 v - a ring of poison resistance (left hand)
Scrolls
 e - 2 scrolls of immolation
 g - 6 scrolls of noise
 j - a scroll of magic mapping
 m - 2 scrolls of fog
 o - a scroll of butterflies {unknown}
 q - a scroll of fear {unknown}
 r - a scroll of enchant armour {unknown}
Potions
 h - a potion of ambrosia {unknown}
 k - 9 potions of degeneration
 l - a potion of berserk rage {unknown}
 n - a potion of attraction {unknown}
 s - 2 potions of magic
 u - 3 potions of haste
 x - 2 potions of brilliance {unknown}


   Skills:
 * Level 4.2 Fighting
 + Level 5.3 Axes
 + Level 4.1 Armour
 + Level 0.6 Dodging
 + Level 0.1 Stealth
 + Level 3.0 Shields


You had 6 spell levels left.
You didn't know any spells.
Your spell library contained the following spells:

 Spells                   Type           Power      Damage    Failure   Level
 Gell's Gravitas          Tloc           0%         N/A       99%         3
 Teleport Other           Tloc           0%         N/A       99%         3
 Dispersal                Tloc           0%         N/A       100%        6


Dungeon Overview and Level Annotations

Branches:
Dungeon (5/15)            Ossuary (visited)
 Temple: D:4-7

Altars:

Shops:
D:1 (   D:4 :

Annotations:
D:5 Dowan, Duvessa


Innate Abilities, Weirdness & Mutations

You have a pair of large antennae on your head. (SInv)
You have large cloven feet.
You regenerate a little health from kills.


Message History

Beogh smites you! The goblin closely misses you.
The goblin attacks as you move away! The goblin closely misses you.
The goblin attacks as you move away! The goblin closely misses you.
The goblin attacks as you move away! The goblin closely misses you.
There is a stone staircase leading down here.
You slash the goblin!
You kill the goblin!
You hit the orc but do no damage.
The orc priest mumbles some strange prayers to Beogh against you.
Beogh smites you! The orc hits you but does no damage.
You barely miss the orc. The orc hits you with a +0 flail.
The orc priest looks encouraged for a moment.
You block the orc's attack. The orc priest closely misses you.
The orc hits you but does no damage.
You climb downwards.
There is a stone staircase leading up here.
You slash the orc priest!
You kick the orc priest, but do no damage.
The orc priest is severely wounded.
You barely miss the orc. You closely miss the orc. You block the orc's attack.
The orc priest closely misses you. The orc hits you with a +0 flail.
You hit the orc priest. Your kick misses the orc priest.
The orc priest is almost dead.
You barely miss the orc. x2; The orc hits you with a +0 hand axe.
The orc priest hits you with a +1 hand axe of electrocution.
You are electrocuted!
The orc hits you with a +0 flail.
* * * LOW HITPOINT WARNING * * *
You closely miss the orc priest. Your kick misses the orc priest.
The orc priest is almost dead.
You hit the orc but do no damage. x2; The orc hits you but does no damage. x2
The orc priest hits you with a +1 hand axe of electrocution.
* * * LOW HITPOINT WARNING * * *
The orc hits you with a +0 flail!
* * * LOW HITPOINT WARNING * * *
The orc priest hits you but does no damage.
The orc barely misses you.
You feel better. The orc hits you with a +0 flail.
* * * LOW HITPOINT WARNING * * *
The orc hits you with a +0 hand axe.
You die...

****** *~~*,, ### ### *~~*,,
#.####o####### *~~***
#....o@......# *~~,,,
#.####o####### *~~,,, #.# #.#
*~~,,, #.# #.#*** *~~,,*
###########.# #..,,* *~~,,*
............# #..*,**** *~~,,*
###.#########
#...,,,,*****~~,,*
#.##########*##.#,***,,,,*~~,,*
#..#.......#*,,,,,,,,,,,,,~~,,,


You could see an orc priest and 2 orcs.

Vanquished Creatures
  A phantom (D:4)
  A scorpion (D:4)
  2 centaur zombies (Ossuary)
  2 human zombies (Ossuary)
  A hound (D:4)
  4 orc wizards (D:4)
  4 mummies
  2 adders
  A worm (D:2)
  2 dart slugs
  4 orcs (D:4)
  5 endoplasms
  2 giant cockroaches
  10 goblins
  A hobgoblin (D:4)
  8 jackals (D:4)
  8 kobolds
  A quokka (D:1)
  3 ball pythons
  A goblin zombie (Ossuary)
  3 orc zombies (Ossuary)
  A rat (D:1)
67 creatures vanquished.

Vanquished Creatures (others)
  A demonic plant (D:1)
1 creature vanquished.

Grand Total: 68 creatures vanquished

Notes
Turn   | Place    | Note
-------+----------+-------------------------------------------
     0 | D:1      | jlumianski the Demonspawn Fighter began the quest for the
                  | Orb.
     0 | D:1      | Reached XP level 1. HP: 18/18 MP: 1/1
    75 | D:1      | Found Zosa's Weapon Shop.
   150 | D:3      | Noticed an orc wizard
   204 | D:1      | Discovered your monstrous ancestry.
   204 | D:1      | Gained mutation: You have a pair of small antennae on your
                  | head. [demonic ancestry]
   204 | D:1      | Reached XP level 2. HP: 23/24 MP: 2/2
   290 | D:1      | Found a faded altar of an unknown god.
   330 | D:1      | Reached skill level 2 in Axes
  1118 | D:2      | Gained mutation: You regenerate a little health from kills.
                  | [demonic ancestry]
  1118 | D:2      | Reached XP level 3. HP: 29/29 MP: 3/3
  1583 | D:4      | Gained mutation: You have a pair of antennae on your head.
                  | [demonic ancestry]
  1583 | D:4      | Reached XP level 4. HP: 21/35 MP: 4/4
  1587 | D:4      | Reached skill level 3 in Axes
  1607 | D:4      | Noticed a scorpion
  1622 | D:4      | Killed a scorpion
  1623 | D:4      | Gained mutation: You have large cloven feet. [demonic
                  | ancestry]
  1623 | D:4      | Reached XP level 5. HP: 21/42 MP: 5/5
  1700 | D:4      | Found Kappenoe's Book Emporium.
  1717 | D:4      | Reached skill level 4 in Axes
  1756 | D:4      | Found a sand-covered staircase.
  1762 | Ossuary  | Entered an ossuary
  1826 | Ossuary  | Gained mutation: You have a pair of large antennae on your
                  | head. (SInv) [demonic ancestry]
  1826 | Ossuary  | Reached XP level 6. HP: 48/48 MP: 6/6
  2133 | Ossuary  | Reached skill level 5 in Axes
  2324 | D:5      | Entered Level 5 of the Dungeon
  2326 | D:5      | Noticed Duvessa
  2326 | D:5      | Noticed Dowan
  2346 | D:4      | Reached XP level 7. HP: 50/54 MP: 7/7
  2428 | D:3      | Found the +4 robe of Augmentation {Str+4 Int+4 Dex+4}
  2560 | D:4      | HP: 1/54 [orc/+0 flail (7)]
  2561 | D:4      | Slain by an orc

Illustrated notes

Levels and vault maps discovered:
D:1:      dpeg_arrival_chambers_temple_mockup, layout_rooms, serial_shops,
          nicolae_shop_hallway_plus, shapermc_ecumenical_altar_gd
D:2:      layout_loops_corners, corexii_hall_statues_x
D:3:      layout_basic
D:4:      kennysheep_goblin_castle, layout_basic, nzn_wu_jian_council_hall,
          gammafunk_temple_overflow_pools, ebering_ghost_disaster_area,
          gup_ossuary_entry_pyramid, minmay_shop_grid_forest,
          minmay_misc_feat_five, nrook_mini_backslash
D:5:      layout_basic, minmay_temple_entry_ruins, uniq_duvessa, uniq_sigmund

Skill      XL: |  1  2  3  4  5  6 |
---------------+-------------------+-----
Axes           | 2 3 4 5 |  5.3
Armour         | 3 4 |  4.1
Shields        | 3 |  3.0
Fighting       | 4 |  4.2
Dodging        | |  0.6
Stealth        | |  0.1

Action                     |  1- 3 |  4- 6 |  7- 9 || total
---------------------------+-------+-------+-------++-------
  Melee: War axe           |    83 |   117 |    19 ||   219
         Kick              |       |    27 |     3 ||    30
  Throw: Stone             |       |     2 |       ||     2
    Use: Potion            |     3 |     3 |     1 ||     7
         Scroll            |     6 |       |       ||     6
 Armour: Scale mail        |    47 |    51 |    11 ||   109
  Dodge: Dodged            |    25 |    44 |    12 ||    81
  Block: Buckler           |    18 |    22 |     6 ||    46

Table legend: (Time is in decaauts)
 A = Elapsed time spent in this place.
 B = Non-inter-level travel time spent in this place.
 C = Inter-level travel time spent in this place.
 D = Time resting spent in this place.
 E = Time spent auto-exploring this place.
 F = Levels seen in this place.
 G = Mean time per level.
                   A        B        C        D        E       F      G
               +--------+--------+--------+--------+--------+-----+--------+
         Total |   2629 |   2606 |     23 |    159 |   1197 |   6 |  438.2 |
       Dungeon |   2176 |   2153 |     23 |      0 |   1188 |   5 |  435.2 |
       Ossuary |    452 |    452 |      0 |    159 |      9 |   1 |  452.0 |
               +--------+--------+--------+--------+--------+-----+--------+

Top non-repeatable levels by time:
     D:2: 809 daAuts
     D:1: 711 daAuts
 Ossuary: 452 daAuts
     D:4: 412 daAuts
     D:3: 233 daAuts
     D:5: 9 daAuts
